 Dungeon Crawl Stone Soup version 0.30-a0-297-g0ec75d9ef4 (webtiles) character file.

Game seed: 14095211692718271538

245 pascalblue the Gusty (level 5, -5/42 HPs)
             Began as a Deep Elf Air Elementalist on Oct 19, 2022.
             Was an Initiate of Vehumet.
             Slain by Eustachio
             ... wielding a +2 vorpal falchion
              (8 damage)
             ... on level 4 of the Dungeon.
             The game lasted 00:12:17 (3350 turns).

pascalblue the Gusty (Deep Elf Air Elementalist)    Turns: 3350, Time: 00:12:18

Health: -5/42      AC: 22    Str:  9    XL:     5   Next: 83%
Magic:  11/13      EV:  2    Int: 31    God:    Vehumet [......]
Gold:   173        SH:  0    Dex: 15    Spells: 4/12 levels left

rFire   . . .      SeeInvis .    p - +9 spear "Trog's Fury" {freeze, rCorr Str+4 Int+3}
rCold   . . .      Faith    .    (no shield)
rNeg    . . .      Spirit   .    (body armour currently unavailable)
rPois   +          Reflect  .    (helmet currently unavailable)
rElec   .          Harm     .    (cloak currently unavailable)
rCorr   +          Rampage  .    (gloves currently unavailable)
Will    .....      NoTele   +    (boots currently unavailable)
Stlth   ++........               (no amulet)
HPRegen 0.27/turn                h - +6 ring of intelligence
MPRegen 0.13/turn                (no ring)

@: sluggish, tree-form, very slow
A: stationary, stasis, torment immunity, boosted hp
a: Renounce Religion


You were on level 4 of the Dungeon.
You worshipped Vehumet.
Vehumet was noncommittal.
You were a tree.
You visited 1 branch of the dungeon, and saw 4 of its levels.

You collected 173 gold pieces.

Inventory:

Hand Weapons
 i - a +0 dagger
 o - a +2 dagger of venom
 p - the +9 spear "Trog's Fury" (weapon) {freeze, rCorr Str+4 Int+3}
   (You found it on level 3 of the Dungeon)

   It freezes those it strikes, dealing additional cold damage.
   It can also slow down cold-blooded creatures.
   Str:       It affects your strength (+4).
   Int:       It affects your intelligence (+3).
   rCorr:     It protects you from acid and corrosion.
Armour
 a - a +0 robe (melded)
 e - a +1 cloak (melded)
 g - a +0 cloak
 m - a +0 helmet (melded)
Magical Staves
 l - a staff of poison
Jewellery
 h - a +6 ring of intelligence (left branch)
Scrolls
 d - a scroll of vulnerability
 q - a scroll of teleportation {unknown}
 r - a scroll of enchant armour
 s - a scroll of fog {unknown}
 t - a scroll of enchant weapon
 v - a scroll of brand weapon {unknown}
Potions
 f - a potion of mutation {unknown}
 j - 2 potions of heal wounds {unknown}
 k - 3 potions of flight {unknown}
 n - a potion of ambrosia {unknown}
 u - 2 potions of brilliance {unknown}


   Skills:
 - Level 2.4 Dodging
 - Level 2.4 Stealth
 + Level 4.3 Spellcasting
 * Level 3.9 Conjurations
 - Level 2.0 Necromancy
 * Level 4.5 Air Magic


You had 4 spell levels left.
You knew the following spells:

 Your Spells              Type           Power      Damage    Failure   Level
a - Shock                 Conj/Air       100%       1d9       1%          1
b - Static Discharge      Conj/Air       66%        2-5/arc   1%          2
c - Sublimation of Blood  Necr           19%        N/A       3%          2
d - Swiftness             Air            35%        N/A       2%          3

Your spell library contained the following spells:

 Spells                   Type           Power      Damage    Failure   Level
 Magic Dart               Conj           100%       1d8       1%          1
 Mephitic Cloud           Conj/Pois/Air  24%        N/A       5%          3
 Call Imp                 Summ           6%         N/A       9%          2
 Wereblood                Tmut           6%         N/A       9%          2
 Airstrike                Air            17%        2d(3-19)  9%          4
 Ignite Poison            Fire/Tmut/Pois 6%         N/A       17%         3
 Sticky Flame             Conj/Fire      19%        2d4       26%         4
 Summon Hydra             Summ           3%         N/A       100%        7
 Ignition                 Fire           3%         3d4       100%        8


Dungeon Overview and Level Annotations

Branches:
Dungeon (4/15)
 Temple: D:4-7

Altars:
Dithmenos
Gozag
Vehumet

Annotations:
D:4 Eustachio


Message History

You barely miss the shadow imp. The shadow imp hits you.
You barely miss the shadow imp. The shadow imp barely misses you.
You puncture the shadow imp!
The shadow imp is severely wounded.
The shadow imp barely misses you.
You closely miss the shadow imp.
The shadow imp is severely wounded.
You start to feel a little slower.
The shadow imp gestures at you. Pain shoots through your body!
You hit the shadow imp. You punch the shadow imp.
You kill the shadow imp!
The shadow imp disappears in a puff of smoke!
Magic courses through your body.
You closely miss Eustachio.
Eustachio is moderately wounded.
You feel sluggish. Eustachio barely misses you.
You barely miss Eustachio.
Eustachio is moderately wounded.
Eustachio barely misses you.
You hit Eustachio. You freeze Eustachio.
Eustachio is heavily wounded.
Eustachio hits you with a +2 vorpal falchion!
* * * LOW HITPOINT WARNING * * *
x2
Okay, then.
Okay, then.
Really quaff the potion of lignification?
You turn into a tree.
Your +1 cloak melds into your body.
Your +0 helmet melds into your body.
Your +0 robe melds into your body.
Your roots penetrate the ground.
Eustachio barely misses you.
Casting: Static Discharge (safe; 1% risk of failure)
Confirm with . or Enter, or press ? or * to list all spells.
Eustachio is struck by an arc of lightning.
Eustachio is severely wounded.
You are struck by an arc of lightning.
* * * LOW HITPOINT WARNING * * *
The lightning grounds out.
Eustachio hits you with a +2 vorpal falchion!
You die...

#...........
#...........
#...........
#...........
#...........
#.....?.....
####)..#######
#..#...###...#
#..♣@.........
#.............
#.............
#......)......
#.............
#.............
#...........!.
##...##.##..##
##...#####..##


You could see Eustachio.

Vanquished Creatures
  An orc priest (D:3)
  Robin (D:2)
  7 adders
  An ufetubus (D:4)
  2 worms
  2 dart slugs (D:1)
  18 orcs
  4 endoplasms
  4 giant cockroaches
  12 goblins
  13 hobgoblins
  2 jackals (D:2)
  13 kobolds
  3 quokkas
  4 ball pythons
  7 bats
  2 frilled lizards
  7 rats
103 creatures vanquished.

Vanquished Creatures (others)
  A plant (D:3)
1 creature vanquished.

Grand Total: 104 creatures vanquished

Notes
Turn   | Place    | Note
-------+----------+-------------------------------------------
     0 | D:1      | pascalblue the Deep Elf Air Elementalist began the quest
                  | for the Orb.
     0 | D:1      | Reached XP level 1. HP: 10/10 MP: 6/6
   139 | D:1      | Reached XP level 2. HP: 15/15 MP: 1/8
   142 | D:1      | Learned a level 2 spell: Static Discharge
   326 | D:1      | Learned a level 2 spell: Sublimation of Blood
   851 | D:1      | Reached XP level 3. HP: 19/19 MP: 7/9
   855 | D:1      | Learned a level 3 spell: Swiftness
  1058 | D:2      | Reached skill level 1 in Necromancy
  1579 | D:2      | Noticed Robin
  1586 | D:2      | Killed Robin
  1587 | D:2      | Reached XP level 4. HP: 20/24 MP: 4/11
  2141 | D:3      | Reached XP level 5. HP: 26/28 MP: 2/12
  2260 | D:3      | Found a shadowy altar of Dithmenos.
  2274 | D:3      | Identified the +9 spear "Trog's Fury" {freeze, rCorr Str+4
                  | Int+3}
  2866 | D:3      | Found a radiant altar of Vehumet.
  2875 | D:3      | Became a worshipper of Vehumet
  2906 | D:3      | Found an opulent altar of Gozag.
  3314 | D:4      | Noticed Eustachio
  3350 | D:4      | Slain by Eustachio

Illustrated notes

Levels and vault maps discovered:
D:1:      amcnicky_arrival_feature_with_door, layout_basic
D:2:      layout_loops_ring, minmay_octomino_e4, uniq_robin
D:3:      corexii_shack_village, layout_rooms,
          mainiacjoe_overflow_large_starburst,
          nicolae_dithmenos_through_a_glass_darkly
D:4:      layout_gridville, uniq_eustachio, uniq_blork_the_orc

Skill      XL: |  1  2  3  4  5 |
---------------+----------------+-----
Conjurations   | 2 3 |  3.9
Necromancy     | 1 2 |  2.0
Air Magic      | 4 |  4.5
Spellcasting   | 4 |  4.3
Dodging        | |  2.4
Stealth        | |  2.4

Action                   |  1- 3 |  4- 6 || total
-------------------------+-------+-------++-------
Melee: Unarmed           |     4 |       ||     4
       Dagger            |     3 |       ||     3
       Spear             |       |     8 ||     8
       Punch             |       |     1 ||     1
 Cast: Shock             |    74 |   102 ||   176
       Static Discharge  |       |     3 ||     3
       Swiftness         |       |     1 ||     1
  Use: Scroll            |       |     5 ||     5
       Potion            |       |     2 ||     2
Armor: Robe              |     4 |     7 ||    11
Dodge: Dodged            |    24 |    23 ||    47

Table legend: (Time is in decaauts)
 A = Elapsed time spent in this place.
 B = Non-inter-level travel time spent in this place.
 C = Inter-level travel time spent in this place.
 D = Time resting spent in this place.
 E = Time spent auto-exploring this place.
 F = Levels seen in this place.
 G = Mean time per level.
                   A        B        C        D        E       F      G
               +--------+--------+--------+--------+--------+-----+--------+
         Total |   3344 |   3288 |     56 |     54 |   2753 |   4 |  836.0 |
       Dungeon |   3344 |   3288 |     56 |     54 |   2753 |   4 |  836.0 |
               +--------+--------+--------+--------+--------+-----+--------+

Top non-repeatable levels by time:
     D:2: 1020 daAuts
     D:1: 1011 daAuts
     D:3: 964 daAuts
     D:4: 348 daAuts
